 Dungeon Crawl Stone Soup version 0.31-a0-441-g867994ef1c (webtiles) character file.

Game seed: 1401100459751343530

19218 garrulousMonolith the Earth Mage (level 12, -1/77 HPs)
             Began as a Gargoyle Earth Elementalist on Aug 2, 2023.
             Was a High Priest of Vehumet.
             Slain by a komodo dragon (18 damage)
             ... on level 9 of the Dungeon on Aug 3, 2023.
             The game lasted 00:18:51 (13058 turns).

garrulousMonolith the Earth Mage (GrEE)            Turns: 13058, Time: 00:18:51

Health: -1/77      AC: 22    Str: 14    XL:     12   Next: 66%
Magic:  10/24      EV: 15    Int: 19    God:    Vehumet [*****.]
Gold:   820        SH:  0    Dex: 10    Spells: 16/28 levels left

rFire   + . .        A - +2 hand axe (elec)
rCold   . . .        (no shield)
rNeg    + . .        Z - +2 ring mail {Will+}
rPois   ∞            v - +2 helmet
rElec   +            G - +0 cloak
rCorr   .            p - +0 pair of gloves
SInv    .            d - +0 pair of boots
Will    +....        (no amulet)
Stlth   +            r - +5 ring of evasion
HPRegen 0.32/turn    O - ring of protection from fire
MPRegen 0.19/turn

%: no passive effects
@: no status effects
A: sickness immunity, AC +8, negative energy resistance 1, electricity
resistance, torment resistance 1, petrification resistance
a: Renounce Religion


You were on level 9 of the Dungeon.
You worshipped Vehumet.
Vehumet was extremely pleased with you.
You visited 3 branches of the dungeon, and saw 13 of its levels.
You also visited: Ossuary.

You collected 820 gold pieces.

Inventory:

Hand Weapons
 e - a +2 dagger of venom
 A - a +2 hand axe of electrocution (weapon)
 P - a +0 sling of flaming
 Q - the +7 short sword of the Known World {flame, SInv}
   (You found it on level 7 of the Dungeon)

   SInv:      It lets you see invisible.
Missiles
 m - 20 poisoned darts
 x - 3 curare-tipped darts
 y - 5 throwing nets
Armour
 d - a +0 pair of boots (worn)
 p - a +0 pair of gloves (worn)
 v - a +2 helmet (worn)
 G - a +0 cloak (worn)
 Z - a +2 ring mail of willpower (worn)
Magical Staves
 E - a staff of air
Jewellery
 r - a +5 ring of evasion (left hand)
 H - a ring of wizardry
 O - a ring of protection from fire (right hand)
 R - a +4 ring of slaying
 U - a +5 ring of evasion
 X - a ring of protection from fire
Talismans
 l - a maw talisman
Wands
 K - a wand of flame (30)
 S - a wand of paralysis (12)
 W - a wand of light (2)
 Y - a wand of polymorph (7)
Scrolls
 b - 3 scrolls of brand weapon {unknown}
 f - 2 scrolls of fear {unknown}
 g - a scroll of blinking
 h - 3 scrolls of teleportation
 k - 3 scrolls of immolation {unknown}
 n - 2 scrolls of vulnerability {unknown}
 o - 3 scrolls of enchant armour {unknown}
 u - 5 scrolls of revelation
 B - 3 scrolls of noise {unknown}
 C - a scroll of fog {unknown}
 D - a scroll of butterflies {unknown}
 T - 2 scrolls of enchant weapon {unknown}
 V - 2 scrolls of identify
Potions
 a - a potion of experience {unknown}
 c - 3 potions of brilliance
 i - 4 potions of enlightenment {unknown}
 j - a potion of heal wounds
 q - a potion of ambrosia
 s - 5 potions of attraction
 w - 3 potions of invisibility
 z - a potion of resistance {unknown}
 F - 3 potions of berserk rage
 I - 3 potions of degeneration {unknown}
 J - 2 potions of mutation {unknown}
 M - 5 potions of curing {unknown}
 N - a potion of cancellation {unknown}


   Skills:
 + Level 9.9 Fighting
 + Level 2.0 Armour
 - Level 1.8 Dodging
 - Level 2.1 Stealth
 + Level 8.5 Spellcasting
 * Level 10.0 Conjurations
 - Level 3.0 Transmutations
 * Level 15.4 Earth Magic


You had 16 spell levels left.
You knew the following spells:

 Your Spells              Type           Power      Damage    Failure   Level
a - Sandblast             Erth           100%       2d20      1%          1
b - Stone Arrow           Conj/Erth      100%       3d13      1%          3
c - Passwall              Tmut/Erth      35%        N/A       1%          2
d - Scorch                Fire           16%        2d5       7%          2
e - Petrify               Tmut/Erth      43%        N/A       3%          4

Your spell library contained the following spells:

 Spells                   Type           Power      Damage    Failure   Level
 Sticky Flame             Conj/Fire      27%        2d5       6%          4
 Wereblood                Tmut           19%        N/A       8%          2
 Irradiate                Conj/Tmut      16%        3d17      9%          5
 Frozen Ramparts          Ice            16%        1d3       13%         3
 Necrotise                Necr           32%        1d5       17%         1
 Vampiric Draining        Necr           8%         2d6       45%         3
 Agony                    Necr           8%         N/A       99%         5
 Metabolic Englaciation   Hex/Ice        4%         N/A       99%         5


Dungeon Overview and Level Annotations

Branches:
Dungeon (11/15)            Temple (1/1) D:4            Lair (1/5) D:9
Ossuary (visited)
    Orc: D:9-12

Altars:
Ashenzari
Cheibriados
Dithmenos
Elyvilon
Fedhas
Gozag
Hepliaklqana
Kikubaaqudgha
Makhleb
Nemelex Xobeh
Okawaru
Qazlal
Ru
Sif Muna
Trog
Uskayaw
Vehumet
Wu Jian
Xom
Yredelemnul
Zin
The Shining One


Innate Abilities, Weirdness & Mutations

You are immune to sickness and miasma.
Your stone body is resilient. (AC +8)
You are immune to poison.
You resist negative energy. (rN+)
You are resistant to electric shocks. (rElec)
You are resistant to unholy torment.
You are immune to petrification.


Message History

Press: ? - help, Shift-Dir - straight line, f/p - cane toad
Aim: a cane toad (heavily wounded, 87% to hit)
The blast of sand hits the cane toad!!
You kill the cane toad!
Vehumet accepts your kill.
The komodo dragon bites you but does no damage. x2
Your Armour skill increases to level 2!
Casting: Sandblast (safe; 1% risk of failure)
Confirm with . or Enter, or press ? or * to list all spells.
Aiming: Sandblast (safe; 1% risk of failure)
Press: ? - help, Shift-Dir - straight line, f - komodo dragon
Aim: a komodo dragon (89% to hit)
The blast of sand hits the komodo dragon!!
The komodo dragon is heavily wounded.
The komodo dragon bites you but does no damage.
Casting: Sandblast (safe; 1% risk of failure)
Confirm with . or Enter, or press ? or * to list all spells.
Aiming: Sandblast (safe; 1% risk of failure)
Press: ? - help, Shift-Dir - straight line, f/p - komodo dragon
Aim: a komodo dragon (heavily wounded, 89% to hit)
The blast of sand hits the komodo dragon but does no damage.
The komodo dragon is heavily wounded.
The komodo dragon misses you. The komodo dragon bites you!
* * * LOW HITPOINT WARNING * * *
Casting: Sandblast (safe; 1% risk of failure)
Confirm with . or Enter, or press ? or * to list all spells.
Aiming: Sandblast (safe; 1% risk of failure)
Press: ? - help, Shift-Dir - straight line, f/p - komodo dragon
Aim: a komodo dragon (heavily wounded, 89% to hit)
The blast of sand misses the komodo dragon.
The komodo dragon misses you.
Casting: Sandblast (safe; 1% risk of failure)
Confirm with . or Enter, or press ? or * to list all spells.
Aiming: Sandblast (safe; 1% risk of failure)
Press: ? - help, Shift-Dir - straight line, f/p - komodo dragon
Aim: a komodo dragon (heavily wounded, 89% to hit)
The blast of sand hits the komodo dragon!
The komodo dragon is almost dead.
The komodo dragon bites you!!
You die...

..#
########.###.............
### ##.############+###
##...## #.# ##.....## #.#
#.......# #.# ##.....P.##
##.# #.........# #..#
######....l....#######'####
#.........@...............#
#..........[..............#
#.........................'
#.....#.P..P..#..).)......#
#>....#..P....#..)).......#
#.....##.....##............
#########...###......)#.#.#
#.##.## #######......
#....# #.#.#.#


You could see a komodo dragon.

Vanquished Creatures
  Erica (D:9)
  3 two-headed ogres
  A boulder beetle (D:11)
  Nergalle (D:10)
  3 skeletal warriors (D:11)
  Pikel (D:6)
  An ugly thing (D:11)
  A manticore (D:11)
  An elephant (D:9)
  A rust devil (D:10)
  A black mamba (D:9)
  A cane toad (D:9)
  2 orange demons (D:10)
  3 komodo dragons (D:11)
  A red devil (D:10)
  A troll (D:10)
  A hornet (D:6)
  Grinder (D:5)
  A blink frog (Lair:1)
  A vampire (D:11)
  3 wraiths
  3 wyverns
  2 basilisks
  19 yaks
  A steam dragon (D:9)
  2 vampire mosquitoes (D:11)
  Edmund (D:5)
  An acid dragon (D:6)
  A water moccasin (D:6)
  Duvessa (D:6)
  3 sky beasts
  4 orc warriors
  2 black bears
  An ice beast (D:6)
  An ogre (D:4)
  5 centaurs
  A phantom (D:5)
  3 lemures (D:6)
  2 kobold brigands
  5 bullfrogs
  3 gnoll sergeants
  5 scorpions
  7 wights
  Dowan (D:6)
  9 killer bees
  2 howler monkeys (D:10)
  2 quasits (D:10)
  A jelly (D:6)
  3 centaur zombies (Ossuary)
  A gnoll bouda (D:6)
  5 orc priests
  2 hounds
  A sleepcap (D:6)
  An iron imp (D:10)
  2 iguanas
  12 orc wizards
  2 mummies (Ossuary)
  5 adders
  22 gnolls
  A white imp (D:10)
  An adder zombie (Ossuary)
  3 dart slugs
  31 orcs
  3 bat zombies (D:7)
  8 endoplasms
  2 giant cockroaches
  8 hobgoblins
  7 jackals
  15 kobolds
  8 quokkas
  9 ball pythons
  5 bats
  8 frilled lizards
  7 goblins
  8 hobgoblin zombies (Ossuary)
  4 jackal zombies (Ossuary)
  6 kobold zombies (Ossuary)
  13 orc zombies (Ossuary)
  2 rats
  A rat zombie (Ossuary)
324 creatures vanquished.

Vanquished Creatures (others)
  An orc (D:6)
1 creature vanquished.

Grand Total: 325 creatures vanquished

Notes
Turn   | Place    | Note
-------+----------+-------------------------------------------
     0 | D:1      | garrulousMonolith the Gargoyle Earth Elementalist began the
                  | quest for the Orb.
     0 | D:1      | Reached XP level 1. HP: 10/10 MP: 3/3
   123 | D:1      | Reached skill level 1 in Transmutations
   175 | D:1      | Reached XP level 2. HP: 15/15 MP: 0/5
   838 | D:1      | You fall into a shaft and drop 1 floor!
   864 | D:2      | Reached skill level 4 in Earth Magic
   938 | D:2      | Reached XP level 3. HP: 20/20 MP: 3/6
   952 | D:1      | Learned a level 3 spell: Stone Arrow
   955 | D:1      | Learned a level 2 spell: Passwall
  1275 | D:2      | Reached skill level 1 in Fighting
  2037 | D:3      | Reached XP level 4. HP: 23/25 MP: 3/7
  2417 | D:3      | Found a faded altar of an unknown god.
  2442 | D:3      | Reached skill level 1 in Conjurations
  2446 | D:3      | Reached XP level 5. HP: 29/29 MP: 5/8
  2914 | D:4      | Found a staircase to the Ecumenical Temple.
  2937 | Temple   | Entered the Ecumenical Temple
  3096 | Temple   | Became a worshipper of Vehumet
  3138 | D:4      | Reached skill level 5 in Earth Magic
  3377 | D:4      | Reached XP level 6. HP: 35/35 MP: 7/9
  4233 | D:5      | Entered Level 5 of the Dungeon
  4384 | D:5      | Reached * piety under Vehumet
  4384 | D:5      | Offered knowledge of Freeze by Vehumet.
  4433 | D:5      | Noticed Grinder
  4442 | D:5      | Paralysed by Grinder for 2 turns
  4448 | D:5      | Killed Grinder
  4449 | D:5      | Reached skill level 6 in Earth Magic
  4449 | D:5      | Reached XP level 7. HP: 40/40 MP: 2/11
  4460 | D:5      | Found a white marble altar of Elyvilon.
  4480 | D:5      | Found a sand-covered staircase.
  4484 | Ossuary  | Entered an ossuary
  4828 | Ossuary  | Reached ** piety under Vehumet
  4859 | Ossuary  | Offered knowledge of Kiss of Death by Vehumet.
  5059 | D:5      | Reached skill level 7 in Earth Magic
  5059 | D:5      | Reached XP level 8. HP: 43/46 MP: 13/13
  5234 | D:5      | Noticed Edmund
  5243 | D:5      | Killed Edmund
  5783 | D:6      | Reached skill level 8 in Earth Magic
  5991 | D:6      | Offered knowledge of Scorch by Vehumet.
  5992 | D:6      | Reached XP level 9. HP: 53/53 MP: 5/15
  5994 | D:6      | Reached skill level 5 in Fighting
  5994 | D:6      | Reached skill level 9 in Earth Magic
  6000 | D:6      | Reached skill level 5 in Conjurations
  6133 | D:6      | Noticed Dowan
  6139 | D:6      | Noticed Pikel
  6141 | D:6      | Noticed Duvessa
  6142 | D:6      | Killed Dowan
  6175 | D:6      | Killed Duvessa
  6198 | D:6      | Killed Pikel
  6199 | D:6      | Reached skill level 5 in Spellcasting
  6559 | D:6      | Learned a level 2 spell: Scorch
  6571 | D:7      | Reached *** piety under Vehumet
  6572 | D:7      | Reached skill level 10 in Earth Magic
  6782 | D:7      | Noticed a hornet
  6803 | D:6      | Killed a hornet
  6808 | D:6      | Reached XP level 10. HP: 16/60 MP: 12/18
  7231 | D:7      | Offered knowledge of Fulminant Prism by Vehumet.
  7337 | D:7      | Found an ancient bone altar of Kikubaaqudgha.
  7491 | D:7      | Reached skill level 11 in Earth Magic
  7626 | D:7      | Identified the +7 short sword of the Known World {flame,
                  | SInv}
  7898 | D:8      | Reached **** piety under Vehumet
  8167 | D:8      | Offered knowledge of Ignite Poison by Vehumet.
  8337 | D:8      | Found an opulent altar of Gozag.
  8340 | D:8      | Found a snail-covered altar of Cheibriados.
  8343 | D:8      | Found a stormy altar of Qazlal.
  8346 | D:8      | Found an ornate altar of the Wu Jian Council.
  8657 | D:9      | Noticed an elephant
  8687 | D:9      | Killed an elephant
  8688 | D:9      | Reached skill level 12 in Earth Magic
  8791 | D:9      | Found a staircase to the Lair.
  9110 | D:9      | Reached XP level 11. HP: 52/68 MP: 16/21
  9516 | D:10     | Entered Level 10 of the Dungeon
  9561 | D:10     | Noticed a two-headed ogre
  9565 | D:10     | Killed a two-headed ogre
  9566 | D:10     | Reached skill level 13 in Earth Magic
  9619 | D:10     | Noticed a two-headed ogre
  9625 | D:10     | Killed a two-headed ogre
 10405 | D:10     | Noticed Nergalle
 10416 | D:10     | Killed Nergalle
 10608 | D:10     | Reached skill level 14 in Earth Magic
 11158 | D:11     | Noticed a brown ugly thing
 11166 | D:11     | Killed a brown ugly thing
 11243 | D:11     | Noticed a two-headed ogre
 11249 | D:11     | Killed a two-headed ogre
 11250 | D:11     | Reached XP level 12. HP: 61/76 MP: 9/23
 11409 | D:11     | Noticed a boulder beetle
 11417 | D:11     | Killed a boulder beetle
 12233 | D:11     | Reached skill level 15 in Earth Magic
 12503 | D:11     | Learned a level 4 spell: Petrify
 12594 | Lair:1   | Entered Level 1 of the Lair of Beasts
 12594 | Lair:1   | Noticed Erica
 12606 | D:9      | Killed Erica
 12606 | D:9      | Reached ***** piety under Vehumet
 12607 | D:9      | Reached skill level 1 in Armour
 12841 | D:9      | Offered knowledge of Sticky Flame by Vehumet.
 13047 | Lair:1   | Reached skill level 10 in Conjurations
 13058 | D:9      | Slain by a komodo dragon

Illustrated notes

Levels and vault maps discovered:
D:1:      erik_arrival_cave_to_civilisation [erik_arrival_cave_to_hall],
          layout_loops_ring
D:2:      layout_basic
D:3:      layout_rooms, nicolae_ecumenical_oubliette
D:4:      minmay_spotlight, layout_basic, minmay_temple_entry_glassed_door
D:5:      layout_basic, nicolae_elyvilon_peaceful_grove, enter_ossuary_5,
          uniq_grinder, uniq_edmund
D:6:      layout_rooms, st_stairs_3, uniq_pikel, uniq_duvessa
D:7:      layout_rooms, lemuel_zombie_altar_kikubaaqudgha,
          hangedman_abyss_or_decor_lesser_grid, moated_statue
D:8:      wander_river, layout_cave_pools, grunt_temple_overflow_cloverleaf
D:9:      layout_roguey, david_lair_generic, serial_glass, glass_columns_c,
          glass_columns_c
D:10:     layout_gridville, nicolae_demonic_statue_gallery, uniq_nergalle
D:11:     layout_big_octagon, hangedman_decor_peaks_small, nicolae_sextant,
          minivault_27, nrook_uturn
Temple:   lightli_temple_of_artemis
Lair:1:   layout_cave_shapes, minivault_11, uniq_erica, uniq_grum

Skill      XL: |  1  2  3  4  5  6  7  8  9 10 11 12 |
---------------+-------------------------------------+-----
Transmutations | 1 2 3 |  3.0
Earth Magic    | 4 5 6 7 8 10 12 14 15 | 15.4
Fighting       | 1 2 3 4 6 7 9 |  9.9
Conjurations   | 1 2 3 4 6 7 9 10 | 10.0
Spellcasting   | 3 4 5 6 7 8 |  8.5
Armour         | 2 |  2.0
Dodging        | |  1.8
Stealth        | |  2.1

Action                     |  1- 3 |  4- 6 |  7- 9 | 10-12 || total
---------------------------+-------+-------+-------+-------++-------
  Melee: Unarmed           |     5 |       |       |       ||     5
         Dagger            |    18 |    38 |    30 |    35 ||   121
         Punch             |       |     2 |     1 |       ||     3
         Hand axe          |       |       |   111 |     3 ||   114
   Cast: Sandblast         |    63 |    85 |    58 |   161 ||   367
         Stone Arrow       |       |     6 |    32 |   179 ||   217
  Evoke: Wand              |       |       |       |     2 ||     2
    Use: Potion            |     1 |     1 |     1 |     3 ||     6
         Scroll            |       |     4 |     4 |     2 ||    10
   Stab: Sleeping          |       |       |     4 |       ||     4
 Armour: Robe              |    29 |    27 |       |       ||    56
         Leather armour    |       |     3 |    50 |       ||    53
         Acid dragon scale |       |       |    35 |   116 ||   151
         Ring mail         |       |       |       |    53 ||    53
  Dodge: Dodged            |    71 |    66 |   177 |   301 ||   615

Table legend: (Time is in decaauts)
 A = Elapsed time spent in this place.
 B = Non-inter-level travel time spent in this place.
 C = Inter-level travel time spent in this place.
 D = Time resting spent in this place.
 E = Time spent auto-exploring this place.
 F = Levels seen in this place.
 G = Mean time per level.
                   A        B        C        D        E       F      G
               +--------+--------+--------+--------+--------+-----+--------+
         Total |  13296 |  12830 |    466 |   2101 |   8450 |  14 |  949.7 |
       Dungeon |  12600 |  12149 |    451 |   1906 |   8234 |  11 | 1145.5 |
        Temple |    173 |    159 |     14 |    100 |      0 |   1 |  173.0 |
          Lair |     35 |     35 |      0 |      0 |      0 |   1 |   35.0 |
       Ossuary |    486 |    486 |      0 |     95 |    216 |   1 |  486.0 |
               +--------+--------+--------+--------+--------+-----+--------+

Top non-repeatable levels by time:
    D:11: 1558 daAuts
    D:10: 1533 daAuts
     D:9: 1436 daAuts
     D:4: 1377 daAuts
     D:6: 1301 daAuts
     D:1: 1269 daAuts
     D:5: 969 daAuts
     D:7: 849 daAuts
     D:3: 803 daAuts
     D:8: 784 daAuts
     D:2: 717 daAuts
 Ossuary: 486 daAuts
  Temple: 173 daAuts
  Lair:1: 35 daAuts
